XFBL
TEXAS RANGERS @ DETROIT TIGERS
07/24/1982
 
TOP OF THE 1ST
Texas Rangers batting - Pitching for Detroit Tigers : RHP Dennis Martinez
Pitching: RHP Dennis Martinez
Batting: LHB Lenny Dykstra 0-0: Called Strike
0-1: Fly out, F9 (Line Drive, 9, EV 90.0 MPH)
Batting: RHB Kirby Puckett 0-0: Fly out, F9 (Line Drive, 9, EV 90.0 MPH)
Batting: RHB Steve Garvey 0-0: Ball
1-0: Fly out, F8 (Line Drive, 8RD, EV 103.8 MPH)
Top of the 1st over - 0 runs, 0 hits, 0 errors, 0 left on base; Texas 0 - Detroit 0
BOTTOM OF THE 1ST
Detroit Tigers batting - Pitching for Texas Rangers : RHP Tim Leary
Pitching: RHP Tim Leary
Batting: RHB Tack Wilson 0-0: Swinging Strike
0-1: Swinging Strike
0-2: Ball
1-2: Ball
2-2: Ball
3-2: Fly out, F1 (Popup, P, EV 89.4 MPH)
Batting: SHB Tony Phillips 0-0: Called Strike
0-1: Ball
1-1: Ball
2-1: Swinging Strike
2-2: Ball
3-2: Base on Balls
Batting: LHB Jerry Tabb 0-0: Called Strike
0-1: Ball
1-1: Swinging Strike
1-2: Ball
2-2: Foul Ball, location: 2F
2-2: Fly out, F9 (Flyball, 9S, EV 90.0 MPH)
Batting: RHB Dave Kingman 0-0: Ball
1-0: Ground out 4-3 (Groundball, 4S, EV 86.9 MPH)
Bottom of the 1st over - 0 runs, 0 hits, 0 errors, 1 left on base; Texas 0 - Detroit 0
TOP OF THE 2ND
Texas Rangers batting - Pitching for Detroit Tigers : RHP Dennis Martinez
Batting: RHB Steve Balboni 0-0: Swinging Strike
0-1: Ball
1-1: Foul Ball, location: 2F
1-2: Strikes out swinging
Batting: LHB Jody Helser 0-0: Called Strike
0-1: Ball
1-1: Swinging Strike
1-2: Strikes out swinging
Batting: LHB Richie Hebner 0-0: Ball
1-0: Called Strike
1-1: Ball
2-1: Ball
3-1: Base on Balls
Batting: LHB Ernie Whitt 0-0: Ball
1-0: Ball
2-0: DOUBLE (Flyball, 8LXD, EV 103.8 MPH)
Richie Hebner to third
Runner from 3rd tries for Home, SAFE, throw by CF to trailing runner, SAFE at third!
Batting: RHB Juan Rodriguez 0-0: Foul Ball, location: 2F
0-1: Ground out 6-3 (Groundball, 6, EV 97.5 MPH)
Top of the 2nd over - 1 run, 1 hit, 0 errors, 1 left on base; Texas 1 - Detroit 0
BOTTOM OF THE 2ND
Detroit Tigers batting - Pitching for Texas Rangers : RHP Tim Leary
Batting: RHB Larry Parrish 0-0: Fly out, F3 (Popup, 23F, EV 74.4 MPH)
Batting: SHB Lee Mazzilli 0-0: DOUBLE (Line Drive, 78M, EV 105.0 MPH)
Batting: RHB Al Cowens 0-0: Ball
1-0: Foul Ball, location: 2F
1-1: Ball
2-1: Foul Ball, location: 2F
2-2: Ground out 4-3 (Groundball, 4, EV 80.0 MPH)
Lee Mazzilli to third
Batting: RHB Jose Hidalgo 0-0: Called Strike
0-1: Ball
1-1: Ball
2-1: SINGLE (Groundball, 56D, EV 104.4 MPH)
Lee Mazzilli scores
Batting: RHB Keith Moreland 0-0: Called Strike
0-1: Ball
1-1: Ball
2-1: Called Strike
2-2: SINGLE (Flyball, 8LS, EV 83.8 MPH)
Jose Hidalgo to second
Jose Hidalgo to third
Batting: RHB Tack Wilson 0-0: Called Strike
0-1: Ball
1-1: Ground out U3 (Groundball, 34, EV 83.1 MPH)
Bottom of the 2nd over - 1 run, 3 hits, 0 errors, 2 left on base; Texas 1 - Detroit 1
TOP OF THE 3RD
Texas Rangers batting - Pitching for Detroit Tigers : RHP Dennis Martinez
Batting: RHB Juan Samuel 0-0: Foul Ball, location: 2F
0-1: Swinging Strike
0-2: Ball
1-2: Ball
2-2: SINGLE (Line Drive, 6MD, EV 101.9 MPH)
Batting: LHB Lenny Dykstra 0-0: Ball
1-0: Bunt missed!
1-1: Sac Bunt to P - play at first, batter OUT! 1-4
Juan Samuel to second
Batting: RHB Kirby Puckett 0-0: Ground out 1-3 (Groundball, 15S, EV 74.4 MPH)
Batting: RHB Steve Garvey 0-0: Ball
1-0: Called Strike
1-1: SINGLE (Line Drive, 9LS, EV 107.5 MPH)
Juan Samuel to third
Runner from 3rd tries for Home, SAFE, throw by RF to home
Batting: RHB Steve Balboni 0-0: Called Strike
0-1: Swinging Strike
0-2: Ball
1-2: Ball
2-2: Ball
3-2: Foul Ball, location: 2F
3-2: Foul Ball, location: 2F
3-2: Base on Balls
Steve Garvey to second
Batting: LHB Jody Helser 0-0: Ball
1-0: Ball
2-0: Called Strike
2-1: Ground out 4-3 (Groundball, 4, EV 101.3 MPH)
Top of the 3rd over - 1 run, 2 hits, 0 errors, 2 left on base; Texas 2 - Detroit 1
BOTTOM OF THE 3RD
Detroit Tigers batting - Pitching for Texas Rangers : RHP Tim Leary
Batting: SHB Tony Phillips 0-0: Called Strike
0-1: Ball
1-1: Ball
2-1: Foul Ball, location: 2F
2-2: Fly out, F7 (Line Drive, 7D, EV 91.3 MPH)
Batting: LHB Jerry Tabb 0-0: Ball
1-0: Fly out, F9 (Flyball, 9D, EV 98.8 MPH)
Batting: RHB Dave Kingman 0-0: Foul Ball, location: 2F
0-1: Ground out 6-3 (Groundball, 6S, EV 85.6 MPH)
Bottom of the 3rd over - 0 runs, 0 hits, 0 errors, 0 left on base; Texas 2 - Detroit 1
TOP OF THE 4TH
Texas Rangers batting - Pitching for Detroit Tigers : RHP Dennis Martinez
Batting: LHB Richie Hebner 0-0: Ball
1-0: Foul Ball, location: 2F
1-1: Swinging Strike
1-2: Fly out, F8 (Flyball, 89M, EV 94.4 MPH)
Batting: LHB Ernie Whitt 0-0: SINGLE (Groundball, 4MD, EV 108.1 MPH)
Batting: RHB Juan Rodriguez 0-0: Called Strike
0-1: Grounds into double play, 6-4-3 (Groundball, 6, EV 91.9 MPH)
Top of the 4th over - 0 runs, 1 hit, 0 errors, 0 left on base; Texas 2 - Detroit 1
BOTTOM OF THE 4TH
Detroit Tigers batting - Pitching for Texas Rangers : RHP Tim Leary
Batting: RHB Larry Parrish 0-0: Fly out, F8 (Line Drive, 8LD, EV 85.0 MPH)
Batting: SHB Lee Mazzilli 0-0: Bunted foul
0-1: Called Strike
0-2: Ball
1-2: SINGLE (Line Drive, 7LS, EV 96.9 MPH)
Batting: RHB Al Cowens 0-0: Ball
1-0: Called Strike
1-1: Called Strike
Lee Mazzilli steals 2nd base (no throw)
1-2: Ball
2-2: Ball
3-2: Ground out 1-3 (Groundball, 13S, EV 61.9 MPH)
Lee Mazzilli to third
Batting: RHB Jose Hidalgo 0-0: Called Strike
0-1: SINGLE (Groundball, 6D, EV 106.3 MPH)
Lee Mazzilli scores
Batting: RHB Keith Moreland 0-0: Ball
1-0: Called Strike
1-1: Ball
2-1: Called Strike
2-2: Strikes out swinging
Bottom of the 4th over - 1 run, 2 hits, 0 errors, 1 left on base; Texas 2 - Detroit 2
TOP OF THE 5TH
Texas Rangers batting - Pitching for Detroit Tigers : RHP Dennis Martinez
Batting: RHB Juan Samuel 0-0: Ball
1-0: Swinging Strike
1-1: Ball
2-1: Foul Ball, location: 2F
2-2: Foul Ball, location: 2F
2-2: Strikes out swinging
Batting: LHB Lenny Dykstra 0-0: Ball
1-0: Swinging Strike
1-1: Ball
2-1: Swinging Strike
2-2: Ground out 6-3 (Groundball, 6, EV 86.9 MPH)
Batting: RHB Kirby Puckett 0-0: Ground out 4-3 (Groundball, 4D, EV 87.5 MPH)
Top of the 5th over - 0 runs, 0 hits, 0 errors, 0 left on base; Texas 2 - Detroit 2
BOTTOM OF THE 5TH
Detroit Tigers batting - Pitching for Texas Rangers : RHP Tim Leary
Batting: RHB Tack Wilson 0-0: Ball
1-0: Ball
2-0: Called Strike
2-1: Foul Ball, location: 2F
2-2: Strikes out looking
Batting: SHB Tony Phillips 0-0: Foul Ball, location: 2F
0-1: Ball
1-1: Ball
2-1: Foul Ball, location: 2F
2-2: SINGLE (Groundball, 25, EV 75.6 MPH) (infield hit)
Batting: LHB Jerry Tabb 0-0: Called Strike
0-1: Swinging Strike
0-2: Strikes out swinging
Batting: RHB Dave Kingman 0-0: Ball
Wild Pitch!
Tony Phillips to second
1-0: Called Strike
1-1: Fly out, F7 (Flyball, 7LM, EV 100.6 MPH)
Bottom of the 5th over - 0 runs, 1 hit, 0 errors, 1 left on base; Texas 2 - Detroit 2
TOP OF THE 6TH
Texas Rangers batting - Pitching for Detroit Tigers : RHP Dennis Martinez
Batting: RHB Steve Garvey 0-0: Called Strike
0-1: Ball
1-1: Ball
2-1: Foul Ball, location: 2F
2-2: Ball
3-2: Strikes out looking
Batting: RHB Steve Balboni 0-0: Foul Ball, location: 2F
0-1: Ball
1-1: Ball
2-1: Called Strike
2-2: Fly out, F8 (Flyball, 8RXD, EV 91.9 MPH)
Batting: LHB Jody Helser 0-0: Ground out 4-3 (Groundball, 4, EV 102.5 MPH)
Top of the 6th over - 0 runs, 0 hits, 0 errors, 0 left on base; Texas 2 - Detroit 2
BOTTOM OF THE 6TH
Detroit Tigers batting - Pitching for Texas Rangers : RHP Tim Leary
Batting: RHB Larry Parrish 0-0: Foul Ball, location: 2F
0-1: Foul Ball, location: 2F
0-2: Ball
1-2: Ball
2-2: Foul Ball, location: 2F
2-2: SOLO HOME RUN (Flyball, 7D, EV 92.5 MPH), Distance : 403 ft
Batting: SHB Lee Mazzilli 0-0: Ball
1-0: Swinging Strike
1-1: Swinging Strike
1-2: Ball
2-2: Ground out 1-3 (Groundball, 15S, EV 66.3 MPH)
Batting: RHB Al Cowens 0-0: Called Strike
0-1: Swinging Strike
0-2: Strikes out swinging
Batting: RHB Jose Hidalgo 0-0: Ball
1-0: SINGLE (Line Drive, 56D, EV 96.9 MPH)
Batting: RHB Keith Moreland 0-0: Ball
Jose Hidalgo steals 2nd base
1-0: Foul Ball, location: 2F
1-1: Fly out, F7 (Flyball, 7, EV 79.4 MPH)
Bottom of the 6th over - 1 run, 2 hits, 0 errors, 1 left on base; Texas 2 - Detroit 3
TOP OF THE 7TH
Texas Rangers batting - Pitching for Detroit Tigers : RHP Dennis Martinez
Batting: LHB Richie Hebner 0-0: Fly out, F7 (Flyball, 78D, EV 98.8 MPH)
Batting: LHB Ernie Whitt 0-0: Foul Ball, location: 2F
0-1: Ball
1-1: Ball
2-1: Fly out, F6 (Flyball, 56D, EV 83.8 MPH)
Batting: RHB Juan Rodriguez 0-0: Fly out, F8 (Flyball, 8LD, EV 103.8 MPH)
Top of the 7th over - 0 runs, 0 hits, 0 errors, 0 left on base; Texas 2 - Detroit 3
BOTTOM OF THE 7TH
Detroit Tigers batting - Pitching for Texas Rangers : RHP Tim Leary
Pitching: RHP Ben Hayes
Batting: RHB Tack Wilson 0-0: Swinging Strike
0-1: Ball
1-1: Swinging Strike
1-2: Foul Ball, location: 2F
1-2: Reached on error, E7 (Flyball, 78D, EV 100.0 MPH)
Batting: SHB Tony Phillips 0-0: Intentional Walk
Batting: LHB Jerry Tabb 0-0: Swinging Strike
0-1: Swinging Strike
0-2: Strikes out swinging
Batting: RHB Dave Kingman 0-0: Ball
Tack Wilson steals 3rd base
Tony Phillips to second
1-0: Intentional Walk
Batting: RHB Larry Parrish 0-0: Ball
1-0: Called Strike
1-1: Ball
2-1: Grounds into fielders choice U2 (Groundball, 2R, EV 76.9 MPH)
Tony Phillips to third
Dave Kingman to second
Batting: SHB Lee Mazzilli 0-0: Foul Ball, location: 2F
0-1: Swinging Strike
0-2: Ball
1-2: Strikes out swinging
Bottom of the 7th over - 0 runs, 0 hits, 1 error, 3 left on base; Texas 2 - Detroit 3
TOP OF THE 8TH
Texas Rangers batting - Pitching for Detroit Tigers : RHP Dennis Martinez
Batting: RHB Juan Samuel 0-0: Called Strike
0-1: SINGLE (Line Drive, 9S, EV 98.1 MPH)
Batting: LHB Lenny Dykstra 0-0: Foul Ball, location: 2F
0-1: Foul Ball, location: 2F
0-2: Foul Ball, location: 2F
0-2: Reaches on Catchers interference
Juan Samuel to second
Batting: RHB Kirby Puckett 0-0: Swinging Strike
0-1: Grounds into double play, 4-6-3 (Groundball, 4, EV 98.8 MPH)
Juan Samuel to third
Batting: RHB Steve Garvey 0-0: Foul Ball, location: 2F
0-1: Ball
1-1: Ball
2-1: Ball
3-1: Called Strike
3-2: SINGLE (Line Drive, 6MD, EV 96.9 MPH)
Juan Samuel scores
Batting: RHB Steve Balboni 0-0: Called Strike
0-1: Foul Ball, location: 2F
0-2: Strikes out swinging
Top of the 8th over - 1 run, 2 hits, 1 error, 1 left on base; Texas 3 - Detroit 3
BOTTOM OF THE 8TH
Detroit Tigers batting - Pitching for Texas Rangers : RHP Ben Hayes
Batting: RHB Al Cowens 0-0: Called Strike
0-1: Called Strike
0-2: SOLO HOME RUN (Flyball, 7LD, EV 101.9 MPH), Distance : 359 ft
Batting: RHB Jose Hidalgo 0-0: Ball
1-0: DOUBLE (Line Drive, 89M, EV 93.8 MPH)
Batting: RHB Keith Moreland 0-0: Ball
1-0: Called Strike
1-1: Ground out 3-1 (Groundball, 34S, EV 81.9 MPH)
Jose Hidalgo to third
Batting: RHB Tack Wilson 0-0: Foul Ball, location: 2F
0-1: Ball
1-1: Foul Ball, location: 2F
1-2: Ground out 2-3 (Groundball, 13S, EV 60.6 MPH)
Batting: SHB Tony Phillips 0-0: Ball
1-0: Called Strike
1-1: Called Strike
1-2: Strikes out swinging
Bottom of the 8th over - 1 run, 2 hits, 0 errors, 1 left on base; Texas 3 - Detroit 4
TOP OF THE 9TH
Texas Rangers batting - Pitching for Detroit Tigers : RHP Dennis Martinez
Batting: LHB Jody Helser 0-0: Foul Ball, location: 2F
0-1: Called Strike
0-2: Ball
1-2: Foul Ball, location: 2F
1-2: Foul Ball, location: 2F
1-2: Foul Ball, location: 2F
1-2: Foul Ball, location: 2F
1-2: Ball
2-2: Ground out 4-3 (Groundball, 4M, EV 82.5 MPH)
Batting: LHB Richie Hebner 0-0: Called Strike
0-1: Foul Ball, location: 2F
0-2: Ground out 4-3 (Groundball, 4, EV 87.5 MPH)
Batting: LHB Ernie Whitt 0-0: SINGLE (Flyball, 56D, EV 83.1 MPH)
Batting: RHB Juan Rodriguez 0-0: Ball
1-0: Ball
2-0: Fielders Choice at 2nd, 6-4 (Groundball, 6, EV 81.9 MPH)
Top of the 9th over - 0 runs, 1 hit, 0 errors, 1 left on base; Texas 3 - Detroit 4
Monday, August 17th, 2020 - OOTP Baseball 21.5 Build 76